 Dungeon Crawl Stone Soup version 0.29.0-4-gdea44cf6ec (webtiles) character file.

Game seed: 6377188051746754222

12001 qw the Grappler (level 11, -1/104 HPs)
             Began as a Troll Cinder Acolyte on Aug 30, 2022.
             Was a Believer of Ignis.
             Succumbed to Nessos's poison
             ... on level 2 of the Lair of Beasts.
             The game lasted 00:04:21 (8454 turns).

qw the Grappler (Troll Cinder Acolyte)              Turns: 8454, Time: 00:04:22

Health: -1/104     AC: 18    Str: 28    XL:     11   Next: 56%
Magic:  11/11      EV:  8    Int: 10    God:    Ignis [**....]
Gold:   460        SH:  9    Dex:  7    Spells: 12/12 levels left

rFire   + . .      SeeInvis +     - Unarmed
rCold   . . .      Faith    .   o - +0 kite shield
rNeg    . . .      Spirit   .   m - +1 robe of the Equator {rElec Dex+2 Archmagi}
rPois   .          Reflect  .   (helmet restricted)
rElec   +          Harm     .   d - +1 cloak
rCorr   .          Rampage  .   (gloves unavailable)
Will    .....      Archmagi +   (boots unavailable)
Stlth   +.........              (no amulet)
HPRegen 1.07/turn               n - +4 ring of protection
MPRegen 0.12/turn               p - ring of see invisible

@: lethally poisoned (-1 -> -22), about to teleport, fiery-armoured
A: large, unfitting armour, claws 3, regeneration 1, shaggy fur 1, tough skin 1
a: Renounce Religion, Fiery Armour, Foxfire Swarm, Rising Flame


You were on level 2 of the Lair of Beasts.
You worshipped Ignis.
Ignis was pleased with you.
You visited 2 branches of the dungeon, and saw 11 of its levels.

You collected 505 gold pieces.
You spent 45 gold pieces at shops.


Innate Abilities, Weirdness & Mutations

You are too large for most types of armour.
You have claws for hands.
Your natural rate of healing is unusually fast.
You are covered in fur. (AC +1)
You have tough skin. (AC +1)


   Skills:
 - Level 5.3 Fighting
 - Level 3.2 Throwing
 - Level 1.3 Armour
 - Level 2.1 Dodging
 + Level 9.5 Shields
 - Level 13.6 Unarmed Combat
 - Level 1.0 Spellcasting
 - Level 2.1 Fire Magic


You had 12 spell levels left.
You didn't know any spells.
Your spell library contained the following spells:

 Spells                   Type           Power      Damage    Failure   Level
 Scorch                   Fire           14%        2d6       36%         2

Inventory:

Missiles
 l - 7 boomerangs
 r - a javelin (quivered)
Armour
 d - a +1 cloak (worn)
 m - the +1 robe of the Equator (worn) {rElec Dex+2 Archmagi}
   (You found it on level 7 of the Dungeon)

   Dex:       It affects your dexterity (+2).
   rElec:     It insulates you from electricity.
   Archmagi:  It increases the power of your magical spells.
 o - a +0 kite shield (worn)
Jewellery
 e - a +6 ring of dexterity
 n - a +4 ring of protection (left claw)
 p - a ring of see invisible (right claw)
 s - a ring of protection from fire
Scrolls
 b - 3 scrolls of identify
 f - a scroll of enchant weapon
 i - 2 scrolls of teleportation
 j - a scroll of brand weapon
Potions
 c - 2 potions of mutation
 g - 2 potions of resistance
 h - 2 potions of curing
 k - a potion of might

Dungeon Overview and Level Annotations

Branches:
Dungeon (8/15)             Temple (0/1) D:5            Lair (3/5) D:8
  Swamp (0/4) Lair:2        Snake (0/4) Lair:2

Altars:
Elyvilon
Fedhas
Makhleb
Qazlal
Ru
Sif Muna
Yredelemnul
Zin
The Shining One

Shops:
D:2 ([*

Portals:
Volcano: Lair:1

Annotations:
Lair:2 Nessos


Message History

The yak gores you.
The yak is burned by your cloak of flames.
The yak is lightly wounded.
Nessos hits you.
Nessos is burned by your cloak of flames.
Nessos is lightly wounded.
You block Nessos's attack.
You claw the yak!
The yak is moderately wounded.
Nessos casts a spell.
Nessos blinks!
The yak barely misses you. You block the yak's attack.
Nessos wields a +3 longbow of flaming.
It bursts into flame!
Nessos shoots an arrow.
The arrow closely misses you.
8451 ||| Stepping ~*~*~tactically~*~*~ (outnumbered).
The yak attacks as you move away! The yak gores you but does no damage.
The yak is burned by your cloak of flames.
The yak is lightly wounded.
Nessos shoots an arrow.
The arrow hits you! The arrow burns you.
You are poisoned.
Nessos shoots an arrow.
The arrow hits you!! The arrow burns you.
You are lethally poisoned!
You see here a yak corpse.
8452 ||| Stepping ~*~*~tactically~*~*~ (outnumbered).
The yak attacks as you move away! The yak gores you.
The yak is burned by your cloak of flames.
The yak is heavily wounded.
You feel extremely sick.
Nessos shoots an arrow.
The arrow hits you but does no damage.
8453 ||| READING 3 scrolls of teleportation.
As you read the scroll of teleportation, it crumbles to dust.
You feel strangely unstable.
You feel extremely sick.
Nessos casts a spell.
Nessos blinks!
You block the yak's attack. The yak gores you!
The yak is burned by your cloak of flames.
The yak is moderately wounded.
Nessos shoots an arrow.
The arrow closely misses you.
You mangle the yak!!
You kill the yak!
You die...

#..### #/# #..####
#.. ####'.#P.#
####### #P..c....#
#......
##.......######.....
#.....ยค...PP#.#.....
##...........##.....
##...........#.....
##@Y.....###.......
#.>%%...## ##......
##..>%...# ##.....
##..#)### ##PP#.
###### #####


You could see Nessos (fast) and a yak.

Vanquished Creatures
  A catoblepas (Lair:2)
  3 elephants (Lair:2)
  A cane toad (Lair:2)
  A rime drake (Lair:2)
  10 blink frogs
  13 yaks
  A steam dragon (D:8)
  3 basilisks
  5 humans (D:8)
  2 wyverns
  An acid dragon (D:8)
  2 nagas (Lair:2)
  10 water moccasins
  3 black bears
  2 ice beasts
  2 ogres
  4 wolves (Lair:2)
  2 centaurs (D:8)
  A phantom (D:4)
  2 bullfrogs
  8 necrophages
  A gnoll sergeant (D:8)
  A scorpion (D:5)
  11 wights
  4 hounds
  5 orc priests
  3 iguanas
  6 orc wizards
  9 gnolls
  15 adders
  A shadow imp (D:7)
  2 ufetubi
  2 worms
  2 dart slugs
  21 orcs
  9 ball pythons
  5 endoplasms
  6 giant cockroaches
  4 goblins
  8 hobgoblins
  8 jackals
  4 quokkas
  7 bats
  A frilled lizard (D:1)
  6 kobolds
  5 rats
223 creatures vanquished.

Vanquished Creatures (others)
  8 fungi
  14 plants
22 creatures vanquished.

Grand Total: 245 creatures vanquished

Notes
Turn   | Place    | Note
-------+----------+-------------------------------------------
     0 | D:1      | qw the Troll Cinder Acolyte began the quest for the Orb.
     0 | D:1      | Reached XP level 1. HP: 22/22 MP: 1/1
     0 | D:1      | 0 ||| qw: Version: 0.1-a-95-gae9e614
     0 | D:1      | 0 ||| qw: Game counter: 4416
     0 | D:1      | 0 ||| qw: Always use a shield: true
     0 | D:1      | 0 ||| qw: God list: Okawaru
     0 | D:1      | 0 ||| qw: Allow faded altars: false
     0 | D:1      | 0 ||| qw: Do Orc after D:15 true
     0 | D:1      | 0 ||| qw: Do second Lair branch before Depths: true
     0 | D:1      | 0 ||| qw: Lair rune preference: random
     0 | D:1      | 0 ||| qw: Plans: Normal
     0 | D:1      | 0 ||| PLANNING D:1-11
    37 | D:1      | 37 ||| Stepping ~*~*~tactically~*~*~ (stealth).
    42 | D:1      | 42 ||| Stepping ~*~*~tactically~*~*~ (stealth).
    73 | D:1      | 73 ||| Stepping ~*~*~tactically~*~*~ (hiding).
    75 | D:1      | 75 ||| Stepping ~*~*~tactically~*~*~ (hiding).
   112 | D:1      | 112 ||| Stepping ~*~*~tactically~*~*~ (stealth).
   114 | D:1      | 114 ||| Stepping ~*~*~tactically~*~*~ (stealth).
   120 | D:1      | Reached XP level 2. HP: 29/29 MP: 2/2
   902 | D:1      | 902 ||| READING scroll labelled LUDADGHE SIOPUC.
   903 | D:1      | 903 ||| READING scroll labelled BECOCR VUBRITE.
   904 | D:1      | 904 ||| DRINKING 2 smoky sapphire potions.
   987 | D:2      | Reached skill level 4 in Unarmed Combat
  1089 | D:2      | Found Lowne's Antique Weapon Boutique.
  1117 | D:2      | Reached skill level 1 in Throwing
  1117 | D:2      | Reached XP level 3. HP: 32/36 MP: 3/3
  1164 | D:2      | 1164 ||| Stepping ~*~*~tactically~*~*~ (stealth).
  1175 | D:2      | 1175 ||| Stepping ~*~*~tactically~*~*~ (outnumbered).
  1176 | D:2      | 1176 ||| Stepping ~*~*~tactically~*~*~ (outnumbered).
  1349 | D:2      | Found Uzahog's Armour Shop.
  1368 | D:2      | 1368 ||| SHOPLISTING +2 robe of resistance (490 gold, have
                  | 72).
  1522 | D:2      | Found Pesaasi's Assorted Antiques.
  1531 | D:2      | 1531 ||| BUYING bubbling dark potion (21 gold).
  1531 | D:2      | Bought a bubbling dark potion for 21 gold pieces
  1531 | D:2      | 1531 ||| SHOPLISTING glowing robe (88 gold, have 51).
  1531 | D:2      | 1531 ||| SHOPLISTING runed peridot ring (120 gold, have
                  | 51).
  1531 | D:2      | 1531 ||| BUYING scroll labelled RUACOSSIH BOUBA (24 gold).
  1531 | D:2      | Bought a scroll labelled RUACOSSIH BOUBA for 24 gold pieces
  1531 | D:2      | 1531 ||| SHOPLISTING scroll of identify (48 gold, have 27).
  1715 | D:2      | Reached XP level 4. HP: 44/44 MP: 4/4
  1755 | D:2      | 1755 ||| READING 2 scrolls labelled PIOHEO PAMIMO.
  1759 | D:2      | 1759 ||| READING scroll labelled REYRAE AXOSAE.
  1760 | D:2      | 1760 ||| READING scroll labelled RUACOSSIH BOUBA.
  1761 | D:2      | 1761 ||| READING 3 scrolls of identify.
  1761 | D:2      | 1761 ||| IDENTIFYING metallic green potion
  1762 | D:2      | 1762 ||| READING 2 scrolls of identify.
  1762 | D:2      | 1762 ||| IDENTIFYING coppery potion
  1763 | D:2      | 1763 ||| DROPPING potion of invisibility.
  1764 | D:2      | 1764 ||| DROPPING potion of flight.
  1892 | D:3      | Found a faded altar of an unknown god.
  2056 | D:3      | 2056 ||| FLEEEEING.
  2058 | D:3      | 2058 ||| FLEEEEING.
  2059 | D:3      | 2059 ||| FLEEEEING.
  2060 | D:3      | 2060 ||| FLEEEEING.
  2061 | D:3      | 2061 ||| FLEEEEING.
  2062 | D:3      | 2062 ||| FLEEEEING.
  2063 | D:3      | 2063 ||| FLEEEEING.
  2068 | D:3      | 2068 ||| Stepping ~*~*~tactically~*~*~ (hiding).
  2235 | D:3      | Reached skill level 5 in Unarmed Combat
  2433 | D:3      | Found a burning altar of Makhleb.
  2534 | D:3      | Found a shimmering blue altar of Sif Muna.
  2555 | D:3      | 2555 ||| READING scroll labelled MYPPOVEOJE.
  2556 | D:3      | 2556 ||| READING 2 scrolls of teleportation.
  2566 | D:4      | 2566 ||| PLANNING OSSUARY
  2603 | D:4      | 2603 ||| Stepping ~*~*~tactically~*~*~ (stealth).
  2604 | D:4      | Noticed a phantom
  2614 | D:4      | 2614 ||| Stepping ~*~*~tactically~*~*~ (stealth).
  2616 | D:4      | Killed a phantom
  2617 | D:4      | Reached XP level 5. HP: 41/50 MP: 5/5
  2696 | D:4      | Reached skill level 6 in Unarmed Combat
  2706 | D:4      | You fall into a shaft and drop 2 floors!
  2712 | D:6      | Noticed an ice beast
  2722 | D:6      | Killed an ice beast
  2723 | D:6      | Reached XP level 6. HP: 52/59 MP: 6/6
  2750 | D:6      | Reached skill level 7 in Unarmed Combat
  2814 | D:6      | 2814 ||| Stepping ~*~*~tactically~*~*~ (stealth).
  2818 | D:6      | 2818 ||| Stepping ~*~*~tactically~*~*~ (hiding).
  2831 | D:6      | 2831 ||| Stepping ~*~*~tactically~*~*~ (outnumbered).
  2863 | D:6      | 2863 ||| Stepping ~*~*~tactically~*~*~ (stealth).
  2865 | D:6      | 2865 ||| Stepping ~*~*~tactically~*~*~ (hiding).
  2867 | D:6      | 2867 ||| INVOKING Fiery Armour.
  2939 | D:6      | Reached skill level 8 in Unarmed Combat
  2939 | D:6      | Reached XP level 7. HP: 63/66 MP: 7/7
  2944 | D:6      | Reached skill level 3 in Fighting
  2966 | D:6      | 2966 ||| Stepping ~*~*~tactically~*~*~ (stealth).
  2969 | D:6      | 2969 ||| DRINKING potion of curing.
  2969 | D:6      | 2969 ||| (to cure confusion)
  2988 | D:6      | Found a sacrificial altar of Ru.
  3085 | D:6      | 3085 ||| INVOKING Fiery Armour.
  3090 | D:6      | Reached skill level 9 in Unarmed Combat
  3292 | D:6      | 3292 ||| UPGRADING to +0 cloak.
  3297 | D:6      | 3297 ||| READING scroll labelled KIAPHE CESHRIHAYS.
  3298 | D:6      | 3298 ||| READING scroll labelled VOSI JEDADU.
  3299 | D:6      | 3299 ||| READING 2 scrolls labelled UMMA HEPICIXIO.
  3300 | D:6      | 3300 ||| DRINKING 2 white potions.
  3405 | D:6      | 3405 ||| DRINKING 3 bubbling dark potions.
  3406 | D:6      | 3406 ||| READING 5 scrolls of identify.
  3406 | D:6      | 3406 ||| IDENTIFYING bubbling silvery potion
  3407 | D:6      | 3407 ||| READING 4 scrolls of identify.
  3407 | D:6      | 3407 ||| IDENTIFYING murky silvery potion
  3408 | D:6      | 3408 ||| READING 3 scrolls of identify.
  3408 | D:6      | 3408 ||| IDENTIFYING fizzy pink potion
  3409 | D:6      | 3409 ||| READING 2 scrolls of identify.
  3409 | D:6      | 3409 ||| IDENTIFYING puce potion
  3410 | D:6      | 3410 ||| DROPPING potion of attraction.
  3411 | D:6      | 3411 ||| DROPPING potion of berserk rage.
  3412 | D:6      | 3412 ||| DROPPING 2 potions of brilliance.
  3413 | D:6      | 3413 ||| DROPPING potion of lignification.
  3414 | D:6      | 3414 ||| DROPPING scroll of magic mapping.
  3421 | D:5      | Entered Level 5 of the Dungeon
  3422 | D:5      | 3422 ||| RIP OSSUARY
  3422 | D:5      | 3422 ||| PLANNING SEWER
  3446 | D:5      | Reached skill level 1 in Dodging
  3446 | D:5      | Reached XP level 8. HP: 72/75 MP: 8/8
  3453 | D:5      | 3453 ||| Stepping ~*~*~tactically~*~*~ (stealth).
  3454 | D:5      | 3454 ||| Stepping ~*~*~tactically~*~*~ (stealth).
  3459 | D:5      | 3459 ||| Stepping ~*~*~tactically~*~*~ (outnumbered).
  3475 | D:5      | 3475 ||| Stepping ~*~*~tactically~*~*~ (outnumbered).
  3476 | D:5      | 3476 ||| Stepping ~*~*~tactically~*~*~ (outnumbered).
  3477 | D:5      | 3477 ||| Stepping ~*~*~tactically~*~*~ (outnumbered).
  3478 | D:5      | 3478 ||| Stepping ~*~*~tactically~*~*~ (outnumbered).
  3479 | D:5      | 3479 ||| Stepping ~*~*~tactically~*~*~ (outnumbered).
  3480 | D:5      | 3480 ||| Stepping ~*~*~tactically~*~*~ (outnumbered).
  3481 | D:5      | 3481 ||| Stepping ~*~*~tactically~*~*~ (outnumbered).
  3483 | D:5      | 3483 ||| Stepping ~*~*~tactically~*~*~ (outnumbered).
  3484 | D:5      | 3484 ||| Stepping ~*~*~tactically~*~*~ (outnumbered).
  3485 | D:5      | 3485 ||| Stepping ~*~*~tactically~*~*~ (outnumbered).
  3492 | D:5      | 3492 ||| INVOKING Fiery Armour.
  3570 | D:5      | Found a staircase to the Ecumenical Temple.
  3665 | D:5      | Reached skill level 10 in Unarmed Combat
  3710 | D:5      | Found a basalt altar of Yredelemnul.
  3939 | D:5      | Found a glowing golden altar of the Shining One.
  3940 | D:5      | Found a white marble altar of Elyvilon.
  3941 | D:5      | Found a glowing silver altar of Zin.
  4057 | D:5      | 4057 ||| RIP SEWER
  4058 | D:5      | 4058 ||| PLANNING D:1-11
  4100 | D:4      | 4100 ||| RIP OSSUARY
  4128 | D:4      | Found a stormy altar of Qazlal.
  4303 | D:4      | 4303 ||| Stepping ~*~*~tactically~*~*~ (stealth).
  4323 | D:4      | Found a blossoming altar of Fedhas.
  4656 | D:4      | 4656 ||| READING scroll labelled PUT KYUNEI.
  5195 | D:7      | 5195 ||| STAIRDANCE
  5202 | D:7      | 5202 ||| STAIRDANCE
  5215 | D:7      | 5215 ||| STAIRDANCE
  5229 | D:7      | 5229 ||| STAIRDANCE
  5313 | D:7      | Found the +18 Lear's hauberk
  5347 | D:7      | 5347 ||| Stepping ~*~*~tactically~*~*~ (stealth).
  5348 | D:7      | 5348 ||| Stepping ~*~*~tactically~*~*~ (hiding).
  5351 | D:7      | 5351 ||| Stepping ~*~*~tactically~*~*~ (hiding).
  5352 | D:7      | 5352 ||| Stepping ~*~*~tactically~*~*~ (hiding).
  5366 | D:7      | Reached skill level 11 in Unarmed Combat
  5399 | D:7      | Identified the +1 robe of the Equator {rElec Dex+2
                  | Archmagi}
  5418 | D:7      | 5418 ||| Stepping ~*~*~tactically~*~*~ (hiding).
  5425 | D:7      | 5425 ||| Stepping ~*~*~tactically~*~*~ (outnumbered).
  5427 | D:7      | 5427 ||| Stepping ~*~*~tactically~*~*~ (outnumbered).
  5428 | D:7      | 5428 ||| Stepping ~*~*~tactically~*~*~ (outnumbered).
  5429 | D:7      | 5429 ||| Stepping ~*~*~tactically~*~*~ (outnumbered).
  5430 | D:7      | 5430 ||| Stepping ~*~*~tactically~*~*~ (outnumbered).
  5431 | D:7      | 5431 ||| Stepping ~*~*~tactically~*~*~ (outnumbered).
  5432 | D:7      | 5432 ||| Stepping ~*~*~tactically~*~*~ (outnumbered).
  5433 | D:7      | 5433 ||| Stepping ~*~*~tactically~*~*~ (outnumbered).
  5434 | D:7      | 5434 ||| Stepping ~*~*~tactically~*~*~ (outnumbered).
  5435 | D:7      | 5435 ||| Stepping ~*~*~tactically~*~*~ (outnumbered).
  5436 | D:7      | 5436 ||| Stepping ~*~*~tactically~*~*~ (outnumbered).
  5437 | D:7      | 5437 ||| Stepping ~*~*~tactically~*~*~ (outnumbered).
  5439 | D:7      | 5439 ||| Stepping ~*~*~tactically~*~*~ (outnumbered).
  5440 | D:7      | 5440 ||| Stepping ~*~*~tactically~*~*~ (outnumbered).
  5441 | D:7      | 5441 ||| Stepping ~*~*~tactically~*~*~ (outnumbered).
  5442 | D:7      | 5442 ||| Stepping ~*~*~tactically~*~*~ (outnumbered).
  5443 | D:7      | 5443 ||| Stepping ~*~*~tactically~*~*~ (outnumbered).
  5444 | D:7      | 5444 ||| Stepping ~*~*~tactically~*~*~ (outnumbered).
  5445 | D:7      | 5445 ||| Stepping ~*~*~tactically~*~*~ (outnumbered).
  5452 | D:7      | 5452 ||| Stepping ~*~*~tactically~*~*~ (outnumbered).
  5453 | D:7      | 5453 ||| Stepping ~*~*~tactically~*~*~ (outnumbered).
  5455 | D:7      | 5455 ||| FLEEEEING.
  5456 | D:7      | 5456 ||| FLEEEEING.
  5457 | D:7      | 5457 ||| FLEEEEING.
  5458 | D:7      | 5458 ||| FLEEEEING.
  5459 | D:7      | 5459 ||| FLEEEEING.
  5460 | D:7      | 5460 ||| FLEEEEING.
  5461 | D:7      | 5461 ||| FLEEEEING.
  5462 | D:7      | 5462 ||| FLEEEEING.
  5463 | D:7      | 5463 ||| FLEEEEING.
  5464 | D:7      | 5464 ||| FLEEEEING.
  5465 | D:7      | 5465 ||| FLEEEEING.
  5844 | D:7      | 5844 ||| UPGRADING to +1 robe of the Equator {rElec Dex+2
                  | Archmagi}.
  5854 | D:7      | 5854 ||| DROPPING +0 robe.
  5855 | D:7      | 5855 ||| UPGRADING to +4 ring of protection.
  5856 | D:7      | 5856 ||| READING 2 scrolls labelled GUENEJ WEMM.
  5857 | D:7      | 5857 ||| DROPPING scroll of noise.
  5933 | D:8      | Reached XP level 9. HP: 75/84 MP: 9/9
  5957 | D:8      | Reached skill level 3 in Throwing
  5962 | D:8      | 5962 ||| Stepping ~*~*~tactically~*~*~ (hiding).
  5989 | D:8      | 5989 ||| Stepping ~*~*~tactically~*~*~ (outnumbered).
  5991 | D:8      | 5991 ||| INVOKING Fiery Armour.
  6021 | D:8      | 6021 ||| Stepping ~*~*~tactically~*~*~ (stealth).
  6072 | D:8      | 6072 ||| Stepping ~*~*~tactically~*~*~ (stealth).
  6079 | D:8      | 6079 ||| Stepping ~*~*~tactically~*~*~ (hiding).
  6089 | D:8      | Reached skill level 12 in Unarmed Combat
  6108 | D:8      | 6108 ||| Stepping ~*~*~tactically~*~*~ (stealth).
  6114 | D:8      | 6114 ||| Stepping ~*~*~tactically~*~*~ (stealth).
  6147 | D:8      | Found a staircase to the Lair.
  6200 | D:8      | 6200 ||| Stepping ~*~*~tactically~*~*~ (stealth).
  6208 | D:8      | Reached XP level 10. HP: 94/96 MP: 10/10
  6211 | D:8      | 6211 ||| Stepping ~*~*~tactically~*~*~ (outnumbered).
  6212 | D:8      | 6212 ||| Stepping ~*~*~tactically~*~*~ (outnumbered).
  6213 | D:8      | 6213 ||| Stepping ~*~*~tactically~*~*~ (outnumbered).
  6216 | D:8      | Reached skill level 13 in Unarmed Combat
  6239 | D:8      | Reached skill level 1 in Armour
  6550 | D:8      | 6550 ||| FLEEEEING.
  6552 | D:8      | 6552 ||| FLEEEEING.
  6553 | D:8      | 6553 ||| FLEEEEING.
  6558 | D:8      | 6558 ||| FLEEEEING.
  6559 | D:8      | 6559 ||| FLEEEEING.
  6560 | D:8      | 6560 ||| FLEEEEING.
  6564 | D:8      | 6564 ||| FLEEEEING.
  6569 | D:8      | 6569 ||| FLEEEEING.
  6574 | D:8      | 6574 ||| FLEEEEING.
  6575 | D:8      | 6575 ||| FLEEEEING.
  6629 | D:8      | 6629 ||| Stepping ~*~*~tactically~*~*~ (outnumbered).
  6630 | D:8      | 6630 ||| Stepping ~*~*~tactically~*~*~ (outnumbered).
  6631 | D:8      | 6631 ||| Stepping ~*~*~tactically~*~*~ (outnumbered).
  6632 | D:8      | 6632 ||| Stepping ~*~*~tactically~*~*~ (outnumbered).
  6633 | D:8      | 6633 ||| Stepping ~*~*~tactically~*~*~ (outnumbered).
  6634 | D:8      | 6634 ||| Stepping ~*~*~tactically~*~*~ (outnumbered).
  6635 | D:8      | 6635 ||| Stepping ~*~*~tactically~*~*~ (outnumbered).
  6814 | D:8      | 6814 ||| UPGRADING to +0 kite shield.
  6819 | D:8      | 6819 ||| PLANNING LAIR
  6819 | D:8      | 6819 ||| UPGRADING to +6 ring of dexterity.
  6820 | D:8      | 6820 ||| READING scroll labelled SYSKIL VAGHUKE.
  6950 | Lair:1   | Entered Level 1 of the Lair of Beasts
  6961 | Lair:1   | Reached skill level 1 in Shields
  7139 | Lair:1   | Found a dark tunnel.
  7203 | Lair:1   | 7203 ||| INVOKING Fiery Armour.
  7208 | Lair:1   | Reached skill level 3 in Shields
  7208 | Lair:1   | 7208 ||| Stepping ~*~*~tactically~*~*~ (outnumbered).
  7293 | Lair:1   | 7293 ||| READING scroll of enchant armour.
  7293 | Lair:1   | 7293 ||| ENCHANTING +0 cloak.
  7457 | Lair:1   | 7457 ||| UPGRADING to ring of see invisible.
  7459 | Lair:1   | 7459 ||| READING scroll labelled ZUT USUAMYIMOA.
  7460 | Lair:1   | 7460 ||| READING scroll labelled KUFYFO SECKEN.
  7461 | Lair:1   | 7461 ||| READING 5 scrolls of identify.
  7461 | Lair:1   | 7461 ||| IDENTIFYING glowing emerald potion
  7462 | Lair:1   | 7462 ||| DROPPING potion of degeneration.
  7570 | Lair:2   | Found a staircase to the Snake Pit.
  7576 | Lair:2   | 7576 ||| INVOKING Fiery Armour.
  7668 | Lair:2   | Noticed a catoblepas
  7669 | Lair:2   | 7669 ||| Stepping ~*~*~tactically~*~*~ (cloud).
  7680 | Lair:2   | Reached skill level 6 in Shields
  7681 | Lair:2   | 7681 ||| Stepping ~*~*~tactically~*~*~ (cloud).
  7685 | Lair:2   | 7685 ||| Stepping ~*~*~tactically~*~*~ (cloud).
  7687 | Lair:2   | 7687 ||| Stepping ~*~*~tactically~*~*~ (cloud).
  7690 | Lair:2   | 7690 ||| Stepping ~*~*~tactically~*~*~ (cloud).
  7692 | Lair:2   | Killed a catoblepas
  7693 | Lair:2   | Reached XP level 11. HP: 86/104 MP: 11/11
  7696 | Lair:2   | 7696 ||| FLEEEEING.
  7697 | Lair:2   | 7697 ||| FLEEEEING.
  7698 | Lair:2   | 7698 ||| FLEEEEING.
  7699 | Lair:2   | 7699 ||| FLEEEEING.
  7700 | Lair:2   | 7700 ||| FLEEEEING.
  7800 | Lair:2   | Found a staircase to the Swamp.
  7971 | Lair:2   | 7971 ||| INVOKING Fiery Armour.
  7980 | Lair:2   | 7980 ||| Stepping ~*~*~tactically~*~*~ (stealth).
  8374 | Lair:2   | 8374 ||| READING scroll labelled MOGEPE YXIORUH.
  8375 | Lair:2   | 8375 ||| READING 4 scrolls of identify.
  8375 | Lair:2   | 8375 ||| IDENTIFYING orange potion
  8394 | Lair:3   | 8394 ||| INVOKING Fiery Armour.
  8395 | Lair:3   | 8395 ||| STAIRDANCE
  8404 | Lair:2   | Reached skill level 9 in Shields
  8417 | Lair:3   | Noticed Nessos
  8418 | Lair:3   | 8418 ||| STAIRDANCE
  8446 | Lair:3   | 8446 ||| STAIRDANCE
  8451 | Lair:2   | 8451 ||| Stepping ~*~*~tactically~*~*~ (outnumbered).
  8452 | Lair:2   | 8452 ||| Stepping ~*~*~tactically~*~*~ (outnumbered).
  8452 | Lair:2   | HP: 19/104 [poisoned by Nessos]
  8453 | Lair:2   | 8453 ||| READING 3 scrolls of teleportation.
  8453 | Lair:2   | HP: 4/104 [yak (7)]
  8454 | Lair:2   | Succumbed to Nessos's poison

Levels and vault maps discovered:
D:1:      minmay_arrival_shoal_huts, layout_basic, nicolae_wormholes
D:2:      layout_basic, serial_shops, nicolae_shop_crystal, shop,
          nicolae_shop_overgrown_old_shop
D:3:      layout_loops_cross, lightli_temple_of_fire, lemuel_blue_sif_altar,
          shapermc_ecumenical_altar_mp_ritualfount, amcnicky_mini_pool_small,
          wad_floor_pattern_1, hangedman_abyss_or_decor_lesser_grid
D:4:      layout_loops_ring, nicolae_qazlal_eye_of_the_storm,
          lemuel_doored_altar, nicolae_ossuary_entry_plus, dk_noncrumbling_3
D:5:      layout_cave_pools, good_gods_temple_1, mainiacjoe_overflow_alcove_4,
          temple_fountains, gup_sewer_entry_spiral
D:6:      layout_loops_ring, mainiacjoe_overflow_concentric_impassable,
          moated_statue
D:7:      layout_gridville, serial_rivers, chequers_serial_rivers_micro_e,
          chequers_serial_rivers_large_a, chequers_serial_rivers_micro_d,
          chequers_serial_rivers_room_b
D:8:      layout_basic, minmay_lair_entry_grove, kennysheep_path_1,
          hangedman_decor_slide_cut, minmay_ruffians
Lair:1:   layout_big_grid, nicolae_volcano_entry_s_turn,
          mumra_transporter_accident, lemuel_fruit_tree, lemuel_fruit_fields
Lair:2:   layout_roguey, swamp_mist, minmay_snake_entry_guardpost_small
Lair:3:   layout_cave_pods, serial_bayou_lake_a, grunt_megastairs_5,
          infiniplex_staircase_pool_2, lemuel_fruit_fields, uniq_nessos

Skill      XL: |  1  2  3  4  5  6  7  8  9 10 11 |
---------------+----------------------------------+-----
Unarmed Combat | 4 5 6 8 9 11 12 13 | 13.6
Throwing       | 1 2 3 |  3.2
Fighting       | 3 4 5 |  5.3
Dodging        | 1 2 |  2.1
Armour         | 1 |  1.3
Shields        | 6 9 |  9.5
Spellcasting   | |  1.0
Fire Magic     | |  2.1

Action                   |  1- 3 |  4- 6 |  7- 9 | 10-12 || total
-------------------------+-------+-------+-------+-------++-------
Melee: Unarmed           |    95 |    87 |   228 |   176 ||   586
       Punch             |     1 |     1 |     6 |     3 ||    11
Throw: Javelin           |    33 |    32 |    39 |    20 ||   124
       Boomerang         |       |       |       |     2 ||     2
Invok: Fiery Armour      |       |     1 |     3 |     4 ||     8
  Use: Scroll            |     2 |     7 |     9 |     8 ||    26
       Potion            |     1 |       |     3 |       ||     4
 Stab: Petrified         |       |       |       |     3 ||     3
       Petrifying        |       |       |       |     1 ||     1
Armor: Robe              |    26 |    17 |    88 |    78 ||   209
Dodge: Dodged            |    35 |    44 |   107 |    69 ||   255
Block: Kite shield       |       |       |       |    62 ||    62

Table legend:
 A = Non-vault XP
 B = Vault XP
 C = Vault XP percentage of total XP
 D = Non-vault monster count
 E = Vault monster count
 F = Vault count percentage of total count
                 A         B        C        D         E       F
            +---------+---------+-------+---------+---------+-------
      Total |   13911 |    3447 |  19.9 |     197 |      26 |  11.7
            +---------+---------+-------+---------+---------+-------
        D:1 |      20 |       5 |  20.0 |      12 |       1 |   7.7
        D:2 |      80 |       0 |   0.0 |      27 |       0 |   0.0
        D:3 |      43 |       0 |   0.0 |      16 |       0 |   0.0
        D:4 |     232 |       0 |   0.0 |      16 |       0 |   0.0
        D:5 |     752 |      21 |   2.7 |      21 |       6 |  22.2
        D:6 |    1231 |       0 |   0.0 |      30 |       0 |   0.0
        D:7 |     404 |       0 |   0.0 |      14 |       0 |   0.0
        D:8 |    1770 |    3098 |  63.6 |      23 |      17 |  42.5
     Lair:1 |    1667 |       0 |   0.0 |       8 |       0 |   0.0
     Lair:2 |    7712 |     323 |   4.0 |      30 |       2 |   6.2
            +---------+---------+-------+---------+---------+-------
